Map: Ulrena

Players

lesha - Winner!

  • Race: Terran Terran
  • League: Gold

Benouille

  • Race: Terran Terran
  • League: Gold

VOD

Have the link to the VOD?

Description

Time

  • Played on: Jan. 10, 2016, 9:25 a.m.
  • Length: 20:48
Show
View Real Time Build Order
Export as new Build Order

lesha Terran - Winner!

Build Orders: Reaper Expand, MMM Bio 

Get SALT Encoding   

  12  0:01  SCV  
  13  0:13  SCV  
  14  0:18  Supply Depot  
  14  0:25  SCV  
  15  0:39  SCV  
  15  0:41  Barracks  
  16  0:47  Refinery  
  16  0:51  SCV  
  17  1:05  SCV  
  18  1:17  SCV  
  19  1:30  Reaper  
  21  1:35  Orbital Command  
  20  1:55  Command Center  
  20  2:10  Barracks Reactor  
  20  2:14  Barracks  
  20  2:15  SCV  
  21  2:27  SCV  
  22  2:31  Supply Depot  
  22  2:41  SCV  
  23  2:48  Factory  
  23  2:49  Engineering Bay  
  23  2:50  Refinery  
  23  2:53  SCV  
  23  2:56  Marine x2  
  26  3:03  Barracks Reactor  
  26  3:05  SCV  
  27  3:11  Orbital Command  
  27  3:17  SCV  
  28  3:23  Missile Turret  
  28  3:29  SCV  
  28  3:30  Marine x2  
  31  3:34  Factory Tech Lab  
  31  3:38  SCV  
  31  3:39  Missile Turret  
  32  3:41  SCV  
  32  3:42  Marine  
  34  3:51  SCV  
  34  3:54  SCV  
  36  3:58  Marine x2  
  36  3:59  Marine  
  38  4:03  SCV  
  38  4:05  Marine  
  38  4:06  SCV  
  41  4:13  Barracks  
  41  4:15  Starport  
  41  4:16  Marine  
  42  4:19  Terran Infantry Weapons Level 1  
  42  4:20  SCV  
  42  4:21  SCV  
  44  4:32  SCV, Marine  
  46  4:42  Supply Depot  
  46  4:45  Supply Depot  
  46  4:50  Refinery x2  
  46  4:53  Starport Reactor  
  46  5:03  SCV x2, Marine x4  
  46  5:05  Supply Depot  
  52  5:10  Barracks Tech Lab  
  52  5:18  SCV x2  
  52  5:21  Siege Tank  
  57  5:29  Medivac  
  57  5:30  Medivac  
  57  5:31  Marine x4  
  57  5:33  Marine  
  66  5:37  SCV x2  
  68  5:49  Marine x2  
  70  5:50  Barracks  
  70  5:51  Stimpack  
  70  5:55  Barracks  
  60  6:21  Marine  
  60  6:22  Marine x4  
  61  6:39  Marine x2  
  55  6:40  Marine x2  
  55  6:41  Marine  
  61  6:49  Barracks Reactor  
  61  6:51  Barracks Reactor, Medivac x2  
  63  6:57  Marine x3  
  63  6:58  Marine  
  67  7:04  SCV x2  
  67  7:06  Supply Depot  
  67  7:08  Supply Depot x2, Marine  
  69  7:14  Command Center  
  70  7:17  Armory  
  70  7:18  Terran Infantry Armor Level 1  
  70  7:20  Engineering Bay  
  70  7:24  SCV  
  70  7:26  Marine x3  
  70  7:27  Marine x2  
  70  7:28  SCV  
  67  7:48  Marine  
  67  7:49  Marine x7  
  67  7:50  Supply Depot, Marine  
  75  7:58  Medivac x2  
  79  8:06  SCV x2, Marine x3  
  84  8:15  Marine x3  
  84  8:16  Marine x2  
  84  8:18  SCV x2  
  91  8:30  SCV  
  92  8:39  SCV  
  93  8:43  Orbital Command  
  93  8:44  Marine x5  
  93  8:45  Marine x4  
  101  8:51  SCV x2  
  102  9:02  Marine x3  
  104  9:03  SCV  
  104  9:05  Supply Depot  
  104  9:06  Supply Depot  
  104  9:07  Supply Depot  
  97  9:41  Marine x5  
  97  9:42  Marine x4  
  97  9:43  Medivac x2  
  110  9:48  SCV x2  
  110  9:49  SCV  
  113  9:59  Marine x2  
  113  10:00  SCV  
  114  10:12  Marine x7  
  121  10:16  Marine  
  121  10:17  Terran Infantry Armor Level 2, Terran Infantry Weapons Level 2, Marine  
  121  10:18  Combat Shields  
  116  10:29  Marine  
  116  10:30  Marine x2  
  116  10:42  SCV x3  
  116  10:54  SCV x3  
  112  11:01  Command Center  
  106  11:06  SCV x2  
  106  11:10  Command Center  
  106  11:29  Marine x7  
  106  11:30  Marine x2  
  111  11:46  Marine  
  111  11:47  Marine x7  
  112  11:48  Marine  
  120  12:04  Marine x2  
  120  12:05  Marine x7  
  127  12:12  SCV x2  
  127  12:13  SCV x2  
  131  12:22  Marine x4  
  132  12:23  Marine x2  
  132  12:24  SCV  
  132  12:25  SCV  
  132  12:26  Marine x2  
  132  12:27  Marine  
  142  12:34  Supply Depot  
  142  12:35  Supply Depot  
  142  12:36  Supply Depot, Terran Infantry Weapons Level 3  
  142  12:37  Terran Infantry Armor Level 3  
  142  12:38  Supply Depot x2  
  142  12:40  Marine x2  
  144  12:44  Barracks  
  144  12:45  Barracks  
  144  12:47  Barracks  
  144  12:49  Barracks x2, Marine x4  
  144  12:50  Marine  
  149  13:13  Marine  
  149  13:14  Medivac x2  
  154  13:29  Starport  
  154  13:30  Starport  
  154  13:31  Starport  
  154  13:32  Refinery  
  154  13:34  Refinery, Starport  
  154  13:38  Barracks Tech Lab x3  
  154  13:39  Barracks Tech Lab  
  154  13:43  Refinery  
  154  13:44  Refinery  
  154  13:49  Orbital Command  
  154  13:50  Orbital Command  
  154  13:54  Refinery  
  154  13:55  Refinery  
  154  14:21  Marine x2  
  154  14:22  Marine x2  
  154  14:23  Starport Tech Lab x4  
  158  14:32  SCV x5  
  163  14:47  Terran Ship Weapons Level 1  
  163  14:51  SCV  
  163  14:52  SCV x4, Armory  
  168  15:10  SCV  
  168  15:11  SCV x4, Fusion Core  
  173  15:50  Missile Turret  
  173  15:57  Missile Turret  
  173  16:00  SCV x5  
  173  16:01  Missile Turret x3  
  178  16:05  Battlecruiser  
  178  16:06  Battlecruiser  
  179  16:19  Battlecruiser  
  179  16:24  Missile Turret  
  185  16:30  Missile Turret  
  178  16:55  Missile Turret x2  
  178  17:02  Viking x2  
  182  17:09  Viking  
  184  17:17  Battlecruiser  
  190  17:23  Battlecruiser  
  190  17:24  Terran Vehicle And Ship Armor Level 1  
  190  17:26  Terran Ship Weapons Level 2  
  190  17:28  Weapon Refit  
  194  18:10  Battlecruiser  
  194  18:11  Behemoth Reactor  
  200  18:31  Missile Turret  
  200  18:33  Missile Turret  
  200  18:53  Missile Turret  
  200  19:02  Missile Turret  
  179  19:19  Missile Turret  
  179  19:23  Battlecruiser x3  
  193  19:26  Missile Turret  
  179  19:52  Missile Turret  
  173  19:54  Missile Turret  
  173  20:12  Missile Turret  
Show
View Real Time Build Order
Export as new Build Order

Benouille Terran 

Build Orders: MMM Bio 

Get SALT Encoding   

  12  0:01  SCV  
  13  0:22  SCV  
  13  0:26  Supply Depot  
  14  0:34  SCV  
  15  0:46  Refinery  
  15  0:59  SCV  
  16  1:05  Barracks  
  16  1:10  Supply Depot  
  16  1:11  SCV  
  17  1:24  SCV  
  18  1:36  Command Center  
  18  1:41  SCV  
  19  1:53  SCV, Marine  
  21  1:56  Bunker  
  21  2:11  Engineering Bay, Marine  
  21  2:14  SCV  
  23  2:26  SCV  
  23  2:29  Marine  
  25  2:38  Orbital Command  
  25  2:46  Marine  
  26  3:14  Marine  
  26  3:16  Factory  
  27  3:32  Marine  
  27  3:33  SCV  
  29  3:36  Supply Depot, Refinery  
  29  3:43  Planetary Fortress  
  29  3:45  SCV  
  30  3:49  Marine  
  30  3:50  Missile Turret  
  31  3:57  SCV  
  32  4:10  Factory Tech Lab  
  32  4:11  Starport  
  32  4:13  Marine  
  33  4:22  SCV, Missile Turret  
  34  4:26  Terran Infantry Weapons Level 1  
  35  4:35  Barracks Tech Lab  
  34  4:38  SCV  
  34  4:39  SCV  
  36  4:47  Missile Turret  
  36  4:50  SCV  
  36  4:51  SCV, Siege Tank  
  41  4:55  Starport Reactor  
  41  5:00  Refinery  
  41  5:01  Refinery  
  41  5:03  SCV  
  42  5:08  Missile Turret  
  42  5:13  Stimpack  
  42  5:20  Engineering Bay  
  42  5:22  SCV x2  
  44  5:29  Missile Turret  
  44  5:34  SCV  
  45  5:41  Barracks  
  45  5:47  SCV  
  46  5:55  Supply Depot  
  46  5:57  Supply Depot  
  46  5:59  Supply Depot, Liberator x2  
  46  6:16  SCV x2  
  54  6:19  Marine  
  55  6:28  SCV  
  56  6:37  Marine  
  57  6:40  Missile Turret  
  57  6:46  Missile Turret x2  
  57  6:54  Marine  
  58  7:06  Barracks x2  
  58  7:11  Liberator  
  58  7:12  Marine, Liberator  
  56  7:29  Command Center  
  62  7:30  Marine  
  58  7:48  Marine  
  59  7:51  Barracks Reactor  
  59  7:54  Liberator  
  56  8:06  Barracks, Marine  
  56  8:07  Barracks  
  57  8:13  SCV x2  
  59  8:20  Terran Infantry Armor Level 1  
  59  8:24  Marine  
  59  8:25  SCV x2, Hi-Sec Auto Tracking  
  62  8:41  Marine  
  62  8:44  Refinery  
  60  9:00  Marine  
  60  9:01  Marine x2  
  65  9:08  Refinery  
  63  9:11  Barracks Reactor x3  
  63  9:14  Barracks Reactor  
  63  9:18  Marine x2  
  63  9:19  Marine  
  63  9:21  Orbital Command  
  63  9:23  SCV  
  63  9:24  SCV  
  65  9:36  SCV x2, Marine x2  
  65  9:37  Combat Shields, Marine  
  70  9:47  Missile Turret  
  70  9:48  SCV x2  
  70  9:49  Medivac x2  
  70  9:52  Marine x4  
  77  9:53  Marine x3  
  77  9:54  Marine  
  77  9:55  Missile Turret, Marine  
  77  9:58  Marine  
  77  9:59  Marine  
  80  10:04  Siege Tank  
  58  10:11  Marine x6  
  59  10:18  Missile Turret  
  59  10:19  Medivac x2  
  59  10:20  Marine x3  
  65  10:27  SCV  
  65  10:29  Marine  
  64  10:36  Siege Tank  
  64  10:39  SCV  
  41  10:51  SCV, Marine x4  
  41  10:52  Marine x3  
  20  11:37  Starport x2  
  20  11:43  Barracks Reactor  
  20  11:47  Barracks  
  20  12:02  SCV  
  20  12:12  Marine x2, Starport Tech Lab  
  22  12:20  Starport Tech Lab  
  22  12:28  Supply Depot  
  22  12:31  Supply Depot  
  22  12:35  Cloaking Field  
  22  12:49  Marine  
  23  12:53  SCV, Marine  
  23  12:54  Banshee  
  28  13:04  Banshee  
  31  13:12  Supply Depot  
  31  13:34  SCV  
  32  13:37  Supply Depot, Banshee  
  35  13:46  SCV, Banshee  
  39  14:12  Marine x3  
  41  14:20  Banshee  
  44  14:29  Banshee  
  47  14:58  Supply Depot  
  47  15:07  Supply Depot  
  47  15:19  Banshee x2  
  53  15:26  Marine  
  48  16:02  Banshee x2  
  54  16:26  Marine x2  
  56  16:45  Banshee x2  
  62  17:50  Medivac  
Tags
 
Composition
MMM BioMMM Bio
League
GoldGold
Matchup
TvT
Race
Terran
Add a new tag
Caveats
  • Supply blocks, unpowered buildings, or Contaminate may cause inaccurate times.
  • Supply counts are checked every 10 seconds.